Map: 环轨星港

Players

TIME (Oliveira)

  • Race: Terran Terran
  • League: Master

ZooWhaleTail - Winner!

  • Race: Zerg Zerg
  • League: Master

Event: GPL 2015 - Grand Finals

VOD

Have the link to the VOD?

Description

Time

  • Played on: Jan. 22, 2016, 11 p.m.
  • Length: 14:28

All games in this series

Show
View Real Time Build Order
Export as new Build Order

TIME Terran 

Build Orders: Bio Tank 

Get SALT Encoding   

  12  0:01  SCV  
  13  0:13  SCV  
  14  0:18  Supply Depot  
  14  0:25  SCV  
  15  0:40  SCV  
  15  0:41  Barracks  
  16  0:45  Refinery  
  16  0:52  SCV  
  17  0:59  Barracks  
  17  1:04  SCV  
  18  1:15  Barracks  
  18  1:23  Refinery  
  18  1:28  Reaper  
  19  1:38  Supply Depot  
  19  1:40  SCV  
  20  1:47  Reaper  
  21  2:01  Reaper  
  22  2:04  Orbital Command  
  22  2:10  Reaper  
  23  2:18  Supply Depot  
  23  2:21  Reaper  
  24  2:30  SCV  
  24  2:35  Reaper  
  26  2:42  SCV  
  27  2:44  Reaper  
  28  2:54  Reaper  
  28  2:55  SCV  
  30  3:07  SCV  
  30  3:10  Reaper  
  32  3:19  Reaper  
  33  3:21  SCV  
  33  3:25  Command Center  
  33  3:29  Reaper  
  34  3:34  SCV  
  34  3:35  Factory  
  35  3:43  Supply Depot  
  35  3:46  SCV  
  36  3:57  Barracks Reactor  
  36  3:58  SCV  
  36  4:00  Barracks Tech Lab  
  36  4:02  Barracks Reactor  
  33  4:11  SCV  
  34  4:21  Starport  
  34  4:23  Factory Tech Lab  
  34  4:24  Marine  
  34  4:25  SCV  
  36  4:34  Marine  
  36  4:35  Marine  
  36  4:36  Stimpack  
  36  4:37  SCV  
  39  4:38  Orbital Command  
  39  4:40  Marine  
  39  4:41  Marine  
  39  4:42  Marine  
  42  4:46  Refinery  
  40  4:53  Marine x2, SCV  
  43  5:01  Siege Tank  
  43  5:03  Marine  
  43  5:05  SCV x2  
  43  5:06  Marine  
  43  5:07  Marine  
  51  5:16  Medivac, Marine  
  51  5:17  SCV  
  51  5:18  Marine  
  51  5:19  SCV  
  57  5:23  Marine  
  58  5:29  SCV  
  58  5:30  Marine  
  58  5:31  Marine, SCV  
  58  5:34  Supply Depot x2  
  62  5:56  Siege Tank, Medivac, Marine x5, SCV x2  
  74  5:58  Supply Depot  
  74  6:08  SCV x2  
  76  6:13  Marine x2  
  78  6:20  Marine  
  78  6:21  Marine x2  
  78  6:22  Command Center, SCV  
  78  6:24  Supply Depot  
  82  6:27  SCV  
  82  6:29  Medivac  
  82  6:31  Marine  
  86  6:40  Combat Shields  
  86  6:44  Barracks  
  86  6:45  Supply Depot, Marine, SCV x2  
  86  6:46  Marine  
  90  6:50  Marine  
  87  6:56  Marine  
  87  6:57  SCV x2  
  87  7:00  Marine  
  81  7:03  Marine  
  81  7:04  Siege Tank  
  81  7:08  Engineering Bay  
  83  7:09  SCV  
  83  7:11  Medivac  
  83  7:14  Marine  
  83  7:15  Engineering Bay, Refinery  
  87  7:18  Supply Depot  
  86  7:23  Marine x2  
  86  7:24  Marine  
  86  7:28  Barracks  
  89  7:34  Barracks Reactor  
  89  7:36  Marine  
  88  7:43  Marine x2  
  79  7:47  Siege Tank  
  79  7:48  Orbital Command  
  79  7:49  Starport Reactor  
  79  7:50  Terran Infantry Armor Level 1, Terran Infantry Weapons Level 1  
  81  7:53  SCV x2  
  81  7:56  Marine  
  84  8:02  Marine x3  
  84  8:03  Marine  
  84  8:05  SCV  
  89  8:06  SCV  
  89  8:10  Armory  
  90  8:13  SCV  
  90  8:16  Missile Turret  
  90  8:17  Missile Turret, SCV, Barracks Reactor  
  90  8:18  SCV  
  90  8:19  Missile Turret  
  93  8:20  Liberator x2, Marine x3  
  93  8:23  Marine x2  
  93  8:26  Siege Tank  
  101  8:29  SCV x2  
  95  8:38  Marine x2  
  95  8:40  Marine  
  95  8:41  Marine  
  105  8:45  Supply Depot  
  105  8:46  Marine x3  
  108  8:50  Refinery  
  108  8:53  Marine x2  
  110  8:56  Marine  
  110  8:58  SCV x2  
  110  8:59  Supply Depot  
  110  9:00  Marine x2  
  110  9:01  Siege Tank  
  110  9:02  Marine  
  118  9:05  SCV  
  118  9:06  Marine x2  
  118  9:09  Marine  
  122  9:10  SCV x2  
  125  9:18  Marine x2  
  126  9:24  Marine x5  
  126  9:29  Marine x2  
  126  9:31  Medivac x2  
  137  9:40  Siege Tank  
  137  9:43  Marine x3  
  137  9:44  Marine  
  141  9:46  Marine  
  141  9:47  Marine x3  
  141  9:48  Marine  
  141  9:49  Supply Depot x2  
  140  10:01  Marine  
  141  10:10  Marine  
  141  10:11  Marine  
  141  10:12  Marine  
  141  10:13  Marine x2  
  118  10:14  Marine x2  
  118  10:17  Siege Tank  
  118  10:19  Medivac x2  
  118  10:24  Marine x2  
  118  10:28  Marine  
  120  10:29  Marine  
  120  10:30  Marine  
  120  10:34  Marine x3  
  117  10:36  Marine  
  117  10:37  Terran Infantry Armor Level 2, Terran Infantry Weapons Level 2  
  117  10:38  Liberator x2  
  117  10:42  Marine x2  
  117  10:45  Command Center  
  117  10:46  Marine  
  117  10:47  Marine  
  117  10:48  Marine  
  113  10:52  Marine  
  113  10:54  Marine x3  
  116  10:57  Thor  
  116  11:03  Marine x2  
  116  11:04  Marine  
  117  11:09  Marine x2  
  117  11:10  Factory  
  117  11:11  Marine  
  121  11:13  Marine x2  
  120  11:19  Refinery  
  120  11:21  Terran Vehicle Weapons Level 1, Marine  
  120  11:22  Liberator  
  120  11:23  Liberator  
  120  11:25  Marine  
  122  11:29  Marine  
  122  11:30  Marine x4  
  127  11:32  Marine  
  127  11:35  Supply Depot  
  127  11:38  Marine  
  127  11:39  Marine  
  136  11:48  Supply Depot  
  136  11:50  Marine  
  136  11:51  Marine x3  
  136  11:52  Marine x2  
  142  11:57  Factory Reactor, Drilling Claws  
  142  12:02  SCV x3  
  145  12:10  Marine x3  
  148  12:15  Missile Turret  
  148  12:18  Marine  
  148  12:19  Marine  
  150  12:29  Marine x4  
  154  12:32  Missile Turret  
  148  12:37  Marine  
  148  12:39  Marine  
  148  12:40  Missile Turret  
  148  12:44  Widow Mine  
  150  12:49  Marine  
  141  12:51  Marine  
  141  12:56  Widow Mine x2  
  141  12:57  Marine  
  141  13:07  Marine  
  141  13:09  Marine  
  141  13:10  Marine x2  
  141  13:11  Marine  
  141  13:12  Marine x2  
  90  13:19  Marine  
  85  13:20  Marine  
  85  13:21  Widow Mine  
  85  13:26  Marine  
  87  13:27  Marine  
  87  13:30  Marine x2  
  87  13:32  Marine  
  84  13:35  Marine  
  84  13:37  Marine  
  84  13:41  Marine  
  86  13:42  Marine  
  88  13:50  Marine  
  88  13:51  Widow Mine  
  88  13:54  Widow Mine  
  93  13:56  Marine  
  93  13:57  Marine  
  66  14:10  Marine  
Show
View Real Time Build Order
Export as new Build Order

ZooWhaleTail Zerg - Winner!

Build Orders: Hatch First, Muta Ling Bane 

Get SALT Encoding   

  12  0:01  Drone  
  13  0:13  Overlord  
  13  0:18  Drone  
  14  0:31  Drone  
  14  0:32  Drone  
  14  0:35  Drone  
  17  0:52  Hatchery  
  17  0:55  Drone  
  17  1:00  Drone  
  18  1:15  Spawning Pool  
  18  1:16  Drone  
  18  1:20  Drone  
  19  1:33  Extractor  
  19  1:34  Drone  
  19  1:39  Overlord  
  19  2:01  Queen  
  19  2:02  Zergling x4  
  19  2:04  Queen, Zergling x2  
  26  2:09  Roach Warren  
  26  2:13  Drone  
  26  2:17  Drone  
  27  2:23  Drone  
  28  2:30  Drone  
  29  2:37  Drone, Overlord  
  29  2:43  Overlord  
  30  2:56  Roach x2  
  33  3:01  Roach  
  34  3:07  Roach  
  34  3:09  Roach  
  37  3:14  Roach x2  
  37  3:19  Drone  
  42  3:20  Roach  
  44  3:33  Roach x2  
  48  3:34  Overlord  
  48  3:37  Drone x2  
  50  3:46  Drone x2  
  52  4:00  Overlord  
  52  4:08  Drone  
  52  4:09  Drone x2  
  56  4:10  Drone  
  56  4:12  Hatchery  
  55  4:18  Drone x2  
  57  4:24  Drone  
  57  4:25  Drone  
  57  4:28  Drone x4  
  63  4:32  Overlord  
  63  4:36  Drone  
  64  4:43  Overlord  
  64  4:56  Evolution Chamber, Drone  
  64  4:57  Extractor x2, Evolution Chamber, Drone x3  
  64  4:58  Queen  
  66  5:02  Drone x2  
  66  5:04  Drone x2  
  70  5:08  Drone x2  
  72  5:16  Extractor  
  72  5:18  Lair  
  71  5:23  Queen  
  71  5:25  Drone  
  71  5:26  Drone  
  73  5:28  Drone  
  73  5:29  Drone x5  
  73  5:34  Zerg Ground Armor Level 1  
  79  5:35  Zerg Melee Weapons Level 1  
  79  5:49  Zergling x2  
  84  5:50  Zergling x12  
  86  5:57  Baneling Nest  
  85  6:04  Zergling x6  
  85  6:05  Zergling x2, Overlord x2  
  89  6:16  Metabolic Boost  
  89  6:19  Overseer, Spire  
  89  6:22  Overlord  
  89  6:23  Drone x2  
  89  6:37  Zergling x16  
  97  6:43  Ravager x4  
  87  6:56  Zergling x14  
  77  7:02  Zergling x2  
  73  7:09  Roach  
  73  7:10  Roach x4  
  91  7:21  Hatchery  
  90  7:29  Zergling x8  
  86  7:36  Zergling x2  
  87  7:40  Mutalisk  
  87  7:41  Mutalisk x4  
  87  7:43  Zergling x2  
  88  7:49  Queen  
  90  8:00  Centrifical Hooks  
  90  8:03  Hatchery  
  90  8:04  Zergling x2  
  90  8:05  Zergling x6  
  93  8:08  Baneling x6  
  93  8:10  Zergling x2  
  93  8:11  Zergling x6  
  97  8:27  Overlord x3  
  96  8:40  Zerg Ground Armor Level 2  
  96  8:42  Zerg Melee Weapons Level 2  
  96  8:45  Extractor, Overlord x2  
  96  8:48  Zergling x22  
  106  8:49  Extractor  
  105  8:58  Mutalisk  
  105  9:01  Drone x2  
  109  9:05  Mutalisk  
  111  9:12  Drone x4  
  115  9:18  Queen  
  115  9:20  Drone x3  
  115  9:21  Drone  
  114  9:27  Mutalisk  
  114  9:29  Zergling x2  
  114  9:30  Zergling x2  
  118  9:40  Queen  
  118  9:41  Mutalisk x2  
  124  9:46  Mutalisk x2  
  124  9:49  Zergling x2  
  124  9:51  Baneling  
  124  9:52  Baneling x2  
  129  9:56  Baneling x2  
  129  9:57  Baneling  
  129  9:58  Zergling x8  
  133  10:04  Zergling x2  
  133  10:05  Zergling x6  
  137  10:13  Mutalisk  
  137  10:14  Mutalisk  
  106  10:19  Zergling x14  
  109  10:23  Baneling x5  
  109  10:24  Zergling x2  
  110  10:32  Zergling x2  
  110  10:33  Zergling x8  
  105  10:40  Mutalisk  
  105  10:41  Mutalisk x2  
  105  10:43  Zergling x2  
  95  11:01  Mutalisk x3  
  95  11:03  Zergling x2  
  95  11:04  Zergling x18  
  111  11:05  Zergling x2  
  111  11:11  Baneling x5  
  112  11:15  Zergling x8  
  116  11:19  Baneling x2  
  116  11:20  Zergling x2  
  116  11:21  Zergling x4  
  116  11:23  Mutalisk  
  121  11:31  Mutalisk  
  123  11:34  Zergling x6  
  126  11:42  Mutalisk x2  
  126  11:44  Zergling x2  
  126  11:45  Zergling x10  
  136  11:50  Mutalisk  
  136  11:51  Overlord  
  138  11:56  Baneling x4  
  138  12:07  Overlord  
  138  12:13  Mutalisk x2  
  142  12:16  Hatchery, Zergling x6  
  142  12:21  Baneling x6  
  144  12:27  Overseer  
  144  12:28  Overlord  
  144  12:29  Zergling x2  
  145  12:30  Zergling x2  
  137  12:53  Zergling x30  
  132  13:11  Zergling x2  
  132  13:12  Zergling x20  
  105  13:19  Mutalisk  
  103  13:20  Zergling x2  
  103  13:24  Zergling x4  
  101  13:31  Mutalisk x3  
  101  13:33  Mutalisk  
  106  13:42  Baneling  
  106  13:43  Baneling x10  
  106  13:49  Mutalisk  
  106  13:50  Zergling x2  
  108  13:58  Mutalisk  
  108  13:59  Mutalisk  
  104  14:10  Zergling x2  
  104  14:11  Zergling x4  
Tags
 
Add a new tag
Caveats
  • Supply blocks, unpowered buildings, or Contaminate may cause inaccurate times.
  • Supply counts are checked every 10 seconds.